 Dungeon Crawl Stone Soup version 0.19-a0-1920-g83281cb (webtiles) character file.

5940 Larett the Blocker (level 10, -6/79 HPs)
             Began as an Ogre Hunter on Oct 23, 2016.
             Was an Elder of Hepliaklqana.
             Killed from afar by Jane's ghost (43 damage)
             ... with a bolt of negative energy
             ... on level 2 of the Orcish Mines.
             The game lasted 00:42:57 (11268 turns).

Larett the Blocker (Ogre Hunter)                   Turns: 11268, Time: 00:42:57

Health: -6/79      AC:  8    Str: 17    XL:     10   Next: 83%
Magic:  0/10       EV: 10    Int: 10    God:    Hepliaklqana [****..]
Gold:   199        SH:  0    Dex: 24    Spells: 0 memorised, 9 levels left

rFire  + . .     SeeInvis .     a - +1 hunting sling
rCold  + . .     Gourm    .     M - +2 robe {rC+ rF+}
rNeg   . . .     Faith    .     (no shield)
rPois  .         Spirit   +     (helmet restricted)
rElec  .         Reflect  .     (no cloak)
rCorr  .         Harm     .     (gloves unavailable)
MR     ++...                    (boots unavailable)
Stlth  ++........               B - amulet "Raklutt" {Spirit *Corrode MR+ Str-2 Dex+7}
                                u - +3 ring of protection
                                h - +4 ring of dexterity

@: studying 2 skills, drained
A: unfitting armour, reduced essence, screaming 1, tough skin 1, sturdy frame 1
a: Recall Ancestor, Ancestor Identity, Transference, Idealise, Renounce Religion


You were on level 2 of the Orcish Mines.
You worshipped Hepliaklqana.
Hepliaklqana was greatly pleased with you.
You were not hungry.

You visited 3 branches of the dungeon, and saw 12 of its levels.

You collected 747 gold pieces.
You spent 548 gold pieces at shops.

Inventory:

Hand Weapons
 a - a +1 hunting sling (weapon)
 b - a +2 whip of electrocution
 c - a +2 war axe of freezing
 q - a +0 giant spiked club
 y - a +2 hand axe of venom
 K - a +4 falchion of holy wrath
 T - a +0 hand axe of chopping
Missiles
 d - 120 sling bullets (quivered)
 g - 56 bolts
 i - 285 stones
 n - a throwing net
 s - 42 poisoned needles
 A - 2 large rocks
 E - 25 arrows
 P - 4 poisoned tomahawks
Armour
 v - a +0 large shield
 M - a +2 robe of resistance (worn)
Magical Staves
 G - an uncursed staff of energy {!a}
Jewellery
 h - a +4 ring of dexterity (left hand)
 p - an uncursed ring of flight
 u - a +3 ring of protection (right hand)
 x - an uncursed ring of positive energy
 B - the amulet "Raklutt" (around neck) {Spirit *Corrode MR+ Str-2 Dex+7}
   (You found it on level 7 of the Dungeon)

   [amulet of guardian spirit]

   It causes incoming damage to be split between your health and magic.
   It affects your strength (-2).
   It affects your dexterity (+7).
   It affects your resistance to hostile enchantments.
   It may corrode you when you take damage.
Wands
 z - a wand of polymorph (7/24)
Scrolls
 e - 2 scrolls of enchant armour
 l - 2 scrolls of blinking
 r - 2 scrolls of recharging
 D - a scroll of enchant weapon
 I - 2 scrolls of remove curse
 L - 2 scrolls of teleportation {unknown}
 N - a scroll of amnesia
Potions
 j - 3 potions of might
 w - 3 potions of brilliance
 H - a potion of flight
 Q - a potion of curing
 R - 3 potions of heal wounds
 S - a potion of haste
Books
 k - a manual of Fire Magic
 C - a manual of Throwing
Miscellaneous
 O - a crystal ball of energy
Comestibles
 f - 9 bread rations
 m - 5 chunks of flesh {@w1}
 o - 3 meat rations
 t - 10 beef jerkies
 F - a slice of pizza


   Skills:
 - Level 2.6(1.9) Fighting
 + Level 9.8(8.9) Maces & Flails
 - Level 4.5(3.8) Slings
 - Level 1.7(1.0) Dodging
 - Level 0.6(0.0) Stealth
 - Level 10.3(9.4) Shields
 + Level 7.4(6.5) Fire Magic


You had 9 spell levels left.
You didn't know any spells.

Dungeon Overview and Level Annotations

Branches:
Dungeon (9/15)             Temple (1/1) D:5            Lair (0/6) D:8
    Orc (2/2) D:9
    Elf: Orc:2

Altars:
Ashenzari
Cheibriados
Dithmenos
Elyvilon
Fedhas
Gozag
Hepliaklqana
Kikubaaqudgha
Makhleb
Nemelex Xobeh
Okawaru
Qazlal
Ru
Sif Muna
Trog
Vehumet
Xom
Yredelemnul
Zin

Shops:
D:6 *   Orc:1 !

Annotations:
Orc:2 Jane's ghost, journeyman DECj


Innate Abilities, Weirdness & Mutations

You are too large for most types of armour.
You have tough skin. (AC +1)
Your life essence is reduced. (-10% HP)
You occasionally shout uncontrollably at your foes.
Your movements are slightly less encumbered by armour. (ER -2)


Message History

You start resting.
Eating one of 10 chunks of flesh {@w1}.
You start eating one of the 10 chunks of flesh {@w1}.
You are feeling hungry.
This raw flesh tastes terrible.
You start resting.
Magic restored.
You start resting.
Some of the chunks of flesh in your inventory have rotted away. x2
HP restored.
You climb downwards.
Level annotation: Jane's ghost, journeyman DECj An orc warlord comes into view.
It is wielding a great mace.
The orc warlord shouts!
The ettin hits you with a dire flail. The ettin hits you with a dire flail!!!
* * * LOW HITPOINT WARNING * * *
Jane's ghost casts a spell at you. The bolt of negative energy hits you!
You feel drained.
Ouch! That really hurt!
You die...

...............
.o.............
..o...........
o..P......#....
...........#...
PC.C(..........
.....C..R$.....
#....CO#
##............
###........##
#.........#
.......W$##
..........#
#...........#
#.....#......


You could see the friendly Cihuaton the battlemage, an orc warlord, a stone
giant, an ettin, 2 cyclopes, an orc wizard, Jane's ghost and an orc.

Vanquished Creatures
  Pikel (D:3)
  A cyclops (D:7)
  An elephant (D:8)
  A troll (D:9)
  A hungry ghost (D:7)
  A water moccasin (D:7)
  3 orc warriors
  An ice beast (D:4)
  2 phantoms
  5 ogres
  2 big kobolds (D:7)
  Blork the orc (D:5)
  2 bullfrogs
  2 scorpions
  3 crimson imps
  A quasit (D:6)
  6 hounds
  7 orc wizards
  A centaur skeleton (D:6)
  3 iguanas
  5 orc priests
  4 worker ants
  A worker ant zombie (D:7)
  Robin (D:3)
  11 adders
  7 gnolls
  3 shadow imps
  An ooze (D:2)
  2 adder zombies
  2 worms
  5 dart slugs
  5 leopard geckos
  27 orcs
  3 ball pythons
  5 giant cockroaches
  14 goblins
  13 hobgoblins
  12 jackals
  5 quokkas
  8 bats
  6 frilled lizards
  12 kobolds
  A leopard gecko skeleton (D:5)
  A quokka skeleton (D:9)
  2 rats
  A rat zombie (D:4)
202 creatures vanquished.

Vanquished Creatures (collateral kills)
  Joseph (D:8)
  4 sky beasts
  An orc warrior (Orc:1)
  A black bear (D:7)
  A phantom (D:7)
  3 ogres
  A crocodile (D:8)
  A scorpion (D:9)
  2 crimson imps
  4 orc priests
  5 orc wizards
  2 worker ants
  An adder skeleton (D:8)
  8 orcs
  A jackal (D:8)
  2 kobolds (D:7)
38 creatures vanquished.

Vanquished Creatures (others)
  A battlemage (D:9)
  A leopard gecko (D:4)
  An orc (D:4)
  A bat zombie (D:4)
  A quokka (D:4)
5 creatures vanquished.

Grand Total: 245 creatures vanquished

Notes
Turn   | Place    | Note
-------+----------+-------------------------------------------
     0 | D:1      | Larett the Ogre Hunter began the quest for the Orb.
     0 | D:1      | Reached XP level 1. HP: 22/22 MP: 1/1
    41 | D:1      | Reached skill level 3 in Slings
   176 | D:1      | Reached XP level 2. HP: 29/29 MP: 2/2
   679 | D:2      | Reached XP level 3. HP: 36/36 MP: 3/3
   680 | D:2      | Found a snail-covered altar of Cheibriados.
   680 | D:2      | Found a shimmering altar of Xom.
   991 | D:2      | Reached skill level 4 in Slings
  1267 | D:2      | Reached XP level 4. HP: 29/44 MP: 4/4
  2117 | D:2      | Reached XP level 5. HP: 37/50 MP: 5/5
  2540 | D:2      | Reached skill level 1 in Shields
  3031 | D:3      | Reached skill level 2 in Shields
  3039 | D:3      | Found a blossoming altar of Fedhas.
  3095 | D:3      | Reached skill level 3 in Shields
  3095 | D:3      | Reached XP level 6. HP: 50/59 MP: 6/6
  3390 | D:3      | Noticed Robin
  3406 | D:3      | Killed Robin
  3915 | D:4      | HP: 10/59 [ogre/giant club (25)]
  3985 | D:2      | HP: 3/59 [ogre/giant club (14)]
  4210 | D:3      | Reached skill level 4 in Shields
  4630 | D:4      | Reached XP level 7. HP: 66/66 MP: 7/7
  4697 | D:4      | Reached skill level 5 in Shields
  4732 | D:4      | Noticed Pikel
  4747 | D:4      | HP: 8/66 [Pikel/whip of electrocution (13)]
  4773 | D:3      | Killed Pikel
  4773 | D:3      | Reached skill level 7 in Shields
  4773 | D:3      | Reached XP level 8. HP: 18/74 MP: 8/8
  5154 | D:4      | Found a faded altar of an unknown god.
  5154 | D:4      | Found a faded altar of an unknown god.
  5161 | D:4      | Found a faded altar of an unknown god.
  5185 | D:4      | Found a faded altar of an unknown god.
  5187 | D:4      | Found an opulent altar of Gozag.
  5430 | D:4      | Found an ancient bone altar of Kikubaaqudgha.
  5600 | D:5      | Entered Level 5 of the Dungeon
  5611 | D:4      | Reached skill level 8 in Shields
  5803 | D:5      | Noticed Blork the orc
  5818 | D:5      | Killed Blork the orc
  5874 | D:5      | HP: 9/74 [orc warrior/mace (20)]
  5887 | D:5      | Reached skill level 9 in Shields
  6063 | D:5      | Reached XP level 9. HP: 59/80 MP: 9/9
  6208 | D:5      | Found a shattered altar of Ashenzari.
  6391 | D:5      | Found a snail-covered altar of Cheibriados.
  6453 | D:5      | Found a staircase to the Ecumenical Temple.
  6567 | Temple   | Entered the Ecumenical Temple
  6673 | Temple   | Became a worshipper of Hepliaklqana the Forgotten
  6809 | D:6      | Found a stormy altar of Qazlal.
  7026 | D:6      | Found Saduphy's General Store.
  7060 | D:6      | Bought a scroll of blinking for 82 gold pieces
  7060 | D:6      | Bought 26 stones for 28 gold pieces
  7060 | D:6      | Bought 17 stones for 18 gold pieces
  7085 | D:6      | Reached * piety under Hepliaklqana
  7117 | D:6      | Reached skill level 10 in Shields
  7604 | D:7      | Reached skill level 1 in Maces & Flails
  7657 | D:7      | Reached skill level 2 in Maces & Flails
  7767 | D:7      | Reached skill level 3 in Maces & Flails
  7785 | D:7      | Reached ** piety under Hepliaklqana
  7795 | D:7      | Reached skill level 4 in Maces & Flails
  7803 | D:7      | Gained mutation: Your movements are slightly less encumbered by armour. (ER -2) [mutagenic meat]
  7804 | D:7      | Gained mutation: You occasionally shout uncontrollably at your foes. [mutagenic meat]
  7875 | D:7      | Identified a scroll of acquirement
  7994 | D:7      | Remembered your ancestor Cihuaton as a battlemage
  8031 | D:7      | Reached skill level 1 in Fire Magic
  8091 | D:7      | Noticed a cyclops
  8102 | D:7      | Reached skill level 5 in Maces & Flails
  8102 | D:7      | Reached skill level 2 in Fire Magic
  8112 | D:7      | Killed a cyclops
  8112 | D:7      | Reached skill level 6 in Maces & Flails
  8112 | D:7      | Reached skill level 3 in Fire Magic
  8113 | D:7      | Reached XP level 10. HP: 79/79 MP: 10/10
  8149 | D:7      | Got a twitching ivory amulet
  8256 | D:7      | Reached skill level 4 in Fire Magic
  8565 | D:7      | Reached skill level 7 in Maces & Flails
  8661 | D:8      | Reached *** piety under Hepliaklqana
  8798 | D:8      | Reached skill level 5 in Fire Magic
  9043 | D:8      | Found a staircase to the Lair.
  9058 | D:8      | Found a stormy altar of Qazlal.
  9091 | D:8      | Noticed Joseph
  9101 | D:8      | Killed Joseph
  9101 | D:8      | Reached skill level 8 in Maces & Flails
  9120 | D:8      | Identified the amulet "Raklutt" {Spirit *Corrode MR+ Str-2 Dex+7} (You found it on level 7 of the Dungeon)
  9297 | D:8      | Noticed an elephant
  9308 | D:8      | Killed an elephant
  9308 | D:8      | Reached skill level 6 in Fire Magic
  9640 | D:9      | Reached **** piety under Hepliaklqana
  9726 | D:9      | Found a staircase to the Orcish Mines.
  9744 | Orc:1    | Entered Level 1 of the Orcish Mines
  9746 | Orc:1    | Reached skill level 9 in Maces & Flails
  9757 | D:9      | HP: 15/79 [troll (9)]
  9757 | D:9      | HP: 3/79 [troll (12)]
  9786 | D:9      | HP: 15/79 [troll (16)]
 10127 | Orc:1    | Reached skill level 7 in Fire Magic
 10248 | Orc:1    | Found Ydun's Distillery.
 10260 | Orc:1    | Bought a potion of curing for 45 gold pieces
 10260 | Orc:1    | Bought a potion of heal wounds for 75 gold pieces
 10260 | Orc:1    | Bought a potion of haste for 150 gold pieces
 10260 | Orc:1    | Bought 2 potions of heal wounds for 150 gold pieces
 10788 | Orc:2    | Entered Level 2 of the Orcish Mines
 10788 | Orc:2    | Noticed a cyclops
 10788 | Orc:2    | Noticed a stone giant
 10788 | Orc:2    | Noticed Jane's ghost (journeyman DECj)
 10790 | Orc:2    | Noticed an ettin
 10792 | Orc:2    | Noticed a cyclops
 11268 | Orc:2    | Noticed an orc warlord
 11268 | Orc:2    | Killed from afar by Jane's ghost

Vault maps used:
D:1:      shiori_shiawase
D:2:      gammafunk_temple_overflow_elements
D:3:      fedhas_altar_4, uniq_robin
D:4:      chequers_temple_overflow_minitemple,
          lemuel_zombie_altar_kikubaaqudgha, first_bread, uniq_pikel
D:5:      overflow_temple_1_default, kennysheep_slug_shrine, uniq_blork_the_orc
D:6:      nicolae_qazlal_style_of_elements, serial_glass, glass_columns_a,
          glass_columns_a, due_unseen_surprise, serial_shops,
          nicolae_shop_waterfront, grunt_ministairs_5
D:7:      minmay_blocky_corners, grunt_ogre_cave
D:8:      cheibrodos_iron_armory, david_lair_generic, basic_altar, uniq_joseph
D:9:      tso_metal_star, lemuel_round_altar, special_room, led_sif_pool
Temple:   hc_temple_tempest_star
Orc:1:    serial_shops, shop
Orc:2:    grunt_orc_gardens, grunt_orc_garden, grunt_orc_garden,
          grunt_orc_garden, grunt_orc_garden, basic_altar, uniq_saint_roka

Skill      XL: |  1  2  3  4  5  6  7  8  9 10 |
---------------+-------------------------------+-----
Slings         | 3 4 |  4.5
Shields        | 3 4 7 9 10 | 10.3
Maces & Flails | 6 9 |  9.8
Fire Magic     | 3 7 |  7.4
Fighting       | |  2.6
Dodging        | |  1.7
Stealth        | |  0.6

Action                   |  1- 3 |  4- 6 |  7- 9 | 10-12 || total
-------------------------+-------+-------+-------+-------++-------
Melee: Short sword       |     3 |    16 |       |       ||    19
       Spear             |       |   124 |    69 |       ||   193
       Whip              |       |       |   163 |   108 ||   271
       Hunting sling     |       |       |    11 |       ||    11
 Fire: Hunting sling     |    89 |   179 |   101 |    76 ||   445
Throw: Stone             |       |       |     3 |       ||     3
       Large rock        |       |       |       |     3 ||     3
Invok: Recall Ancestor   |       |       |     1 |     2 ||     3
       Ancestor Life: Ba |       |       |     1 |       ||     1
  Use: Scroll            |     5 |     2 |     9 |       ||    16
       Potion            |       |     4 |     5 |     1 ||    10
 Stab: Sleeping          |       |       |     3 |       ||     3
       Invisible         |       |       |     2 |       ||     2
       Distracted        |       |       |     1 |     5 ||     6
  Eat: Chunk             |     1 |    10 |    14 |     7 ||    32
       Fruit             |       |       |       |     3 ||     3
Armor: Robe              |     6 |    40 |    32 |    13 ||    91
       Skin              |       |       |     3 |       ||     3
Dodge: Dodged            |    20 |    37 |    31 |    38 ||   126
Block: Large shield      |     4 |   114 |   200 |    35 ||   353
